 Dungeon Crawl Stone Soup version 0.31.0-12-g77e489cdc1 (webtiles) character file.

Game seed: 5318674933195237630

574 spaghetti the Basher (level 7, -3/105 HPs)
             Began as an Oni Chaos Knight on Mar 1, 2024.
             Was a Plaything of Xom.
             Slain by Prince Ribbit (11 damage)
             ... on level 5 of the Dungeon.
             The game lasted 00:03:00 (2625 turns).

spaghetti the Basher (Oni Chaos Knight)             Turns: 2625, Time: 00:03:01

Health: -3/105     AC: 23    Str: 19    XL:     7   Next: 34%
Magic:  7/7        EV:  1    Int: 13    God:    Xom [...*..]
Gold:   172        SH:  0    Dex:  8    Spells: 6/6 levels left

rFire   . . .        a - +0 mace (chaos)
rCold   . . .        (no shield)
rNeg    . . .        b - melded +2 robe
rPois   +            (helmet currently unavailable)
rElec   .            h - melded +1 cloak
rCorr   .            (gloves unavailable)
SInv    .            (boots unavailable)
Will    .....        (no amulet)
Stlth   +            (no ring)
HPRegen 0.37/turn    (no ring)
MPRegen 0.10/turn

%: no passive effects
@: brilliant, tree-form
A: stationary, stasis, torment immunity, boosted hp, large, unfitting armour,
(horns 1), (tough skin 1), double potion healing, drunken brawling
a: Renounce Religion


You were on level 5 of the Dungeon.
You worshipped Xom.
You were a favourite toy of Xom.
You were a tree.
You visited 1 branch of the dungeon, and saw 5 of its levels.

You collected 172 gold pieces.

Inventory:

Hand Weapons
 a - a +0 mace of chaos (weapon)
Missiles
 n - 8 javelins
Armour
 b - a +2 robe (melded)
 h - a +1 cloak (melded)
Jewellery
 g - a ring of fire
Scrolls
 c - a scroll of butterflies
 d - 2 scrolls of noise
 e - a scroll of poison {unknown}
 i - a scroll of enchant armour
 j - 3 scrolls of teleportation
 k - a scroll of silence
 o - a scroll of immolation
 q - a scroll of revelation {unknown}
Potions
 f - a potion of enlightenment
 l - 2 potions of haste


   Skills:
 - Level 4.0 Fighting
 + Level 8.2 Maces & Flails
 - Level 2.1 Dodging


You had 6 spell levels left.
You didn't know any spells.
Your spell library contained the following spells:

 Spells                   Type           Power      Damage    Failure   Level
 Apportation              Tloc           0%         N/A       30%         1
 Freeze                   Ice            0%         1d3       30%         1
 Blink                    Tloc           0%         N/A       43%         2
 Jinxbite                 Hex            0%         N/A       43%         2
 Lesser Beckoning         Tloc           0%         N/A       43%         2
 Momentum Strike          Conj/Tloc      0%         3d8       43%         2
 Frozen Ramparts          Ice            0%         1d1       67%         3
 Hailstorm                Conj/Ice       0%         3d5       67%         3
 Alistair's Intoxication  Alch           0%         N/A       100%        5


Dungeon Overview and Level Annotations

Branches:
Dungeon (5/15)
 Temple: D:4-7

Altars:
Dithmenos
The Shining One

Annotations:
D:4 3 runed translucent doors, Gadfly's ghost, amateur AtFi
D:5 Prince Ribbit


Innate Abilities, Weirdness & Mutations

You are a tree.
Your roots penetrate the ground, keeping you stationary.
You cannot be teleported.
You are immune to unholy pain and torment.
Your maximum health is greatly increased.
Your equipment is partially melded.
You are too large for most types of armour.
((You have a pair of small horns on your head.))
((You have tough skin. (AC +1)))
You gain doubled healing and magic from potions.
Whenever you drink a healing potion, you attack all around you.


Message History

Prince Ribbit is heavily wounded.
Prince Ribbit barely misses you.
You hit Prince Ribbit.
Prince Ribbit seems to slow down.
Prince Ribbit is heavily wounded.
Prince Ribbit blinks!
Found a stone staircase leading down.
Prince Ribbit's magic is no longer disrupted.
Prince Ribbit winks and puckers his lips.
You see here a howler monkey corpse.
You see here a scroll of identify.
Prince Ribbit is no longer moving slowly.
Prince Ribbit sighs, "It's not easy being green!"
Prince Ribbit blinks!
You start resting.
Prince Ribbit is nearby!
You start resting.
Prince Ribbit is nearby!
You barely miss Prince Ribbit.
You headbutt Prince Ribbit, but do no damage.
Prince Ribbit is heavily wounded. "See what I see, my child!"
You detect items!
You are now a favourite toy of Xom.
Prince Ribbit hits you!
You hit Prince Ribbit.
Prince Ribbit is heavily wounded.
Prince Ribbit hits you!
* * * LOW HITPOINT WARNING * * *
Unknown command.
You turn into a tree.
Your +1 cloak melds into your body.
Your +2 robe melds into your body.
Your roots penetrate the ground.
Prince Ribbit hits you.
* * * LOW HITPOINT WARNING * * *
Prince Ribbit hits you but does no damage.
It was a potion of brilliance.
You feel clever all of a sudden.
Xom roars with laughter!
Prince Ribbit hits you!
You die...
Xom is highly amused!

........#........# ,,
.....5.B+..###.†.# **,
..$.....#.##*#...## *,
........#.. +?...# *** ,
..$.....######....####***
........#**#.........., ,
......... ,#>#.#######* ,
,#...##...# , #...#♣.# ,*
, ,,,###.F##.#* * , #..#
⌠.# , #..# # ##.. #...
##.. ∆... ∆ #..


You could see Prince Ribbit.

Vanquished Creatures
  Duvessa (D:4)
  A centaur (D:5)
  Dowan (D:4)
  A howler monkey (D:5)
  A bombardier beetle (D:3)
  2 hounds (D:3)
  2 jellies
  An orc priest (D:4)
  An adder (D:4)
  2 gnolls (D:1)
  A white imp (D:5)
  A ribbon worm (D:3)
  A dart slug (D:1)
  6 orcs
  A bat (D:3)
  An endoplasm (D:1)
  3 goblins
  6 hobgoblins
  7 jackals
  2 quokkas
  9 ball pythons
  3 frilled lizards (D:3)
  4 kobolds
  5 rats
63 creatures vanquished.

Vanquished Creatures (collateral kills)
  A bombardier beetle (D:5)
1 creature vanquished.

Grand Total: 64 creatures vanquished

Notes
Turn   | Place    | Note
-------+----------+-------------------------------------------
     0 | D:1      | spaghetti the Oni Chaos Knight began the quest for the Orb.
     0 | D:1      | Reached XP level 1. HP: 24/24 MP: 1/1
   136 | D:1      | Reached XP level 2. HP: 32/32 MP: 2/2
   301 | D:1      | Reached skill level 4 in Maces & Flails
   305 | D:1      | Reached XP level 3. HP: 39/39 MP: 3/3
   391 | D:1      | XOM: silly message
   540 | D:1      | You fall into a shaft and drop 1 floor!
   650 | D:2      | XOM: divination: magic mapping
   677 | D:2      | Found a faded altar of an unknown god.
   677 | D:2      | XOM: 2-stop teleportation journey
  1180 | D:3      | XOM: confuse monster(s)
  1190 | D:3      | Reached skill level 5 in Maces & Flails
  1190 | D:3      | Reached XP level 4. HP: 48/48 MP: 4/4
  1321 | D:3      | Found a glowing golden altar of the Shining One.
  1435 | D:3      | Reached XP level 5. HP: 49/54 MP: 5/5
  1774 | D:4      | Reached skill level 6 in Maces & Flails
  1821 | D:4      | Found a shadowy altar of Dithmenos.
  1939 | D:4      | Reached XP level 6. HP: 31/62 MP: 6/6
  2062 | D:4      | Found a runed translucent gate.
  2062 | D:4      | Found a runed translucent gate.
  2062 | D:4      | Found a runed translucent gate.
  2069 | D:4      | Noticed Gadfly's ghost (amateur AtFi)
  2128 | D:4      | XOM: god gift: 18 gold pieces
  2236 | D:4      | Noticed Duvessa
  2236 | D:4      | Noticed Dowan
  2238 | D:4      | XOM: noise
  2245 | D:4      | XOM: divination: detect items
  2252 | D:4      | Killed Duvessa
  2253 | D:4      | Reached skill level 7 in Maces & Flails
  2259 | D:4      | XOM: silly message
  2261 | D:4      | XOM: divination: magic mapping
  2268 | D:4      | Killed Dowan
  2387 | D:4      | XOM: silly message
  2477 | D:5      | Entered Level 5 of the Dungeon
  2502 | D:5      | Reached XP level 7. HP: 16/70 MP: 7/7
  2505 | D:5      | Reached skill level 8 in Maces & Flails
  2574 | D:5      | XOM: divination: magic mapping
  2579 | D:5      | Noticed Prince Ribbit
  2622 | D:5      | XOM: divination: detect items
  2625 | D:5      | Slain by Prince Ribbit

Illustrated notes

Levels and vault maps discovered:
D:1:      dpeg_arrival_ratfight, layout_loops_ring, minmay_misc_feat_iff,
          minmay_box_of_dots
D:2:      layout_loops_ring, hellmonk_ecumenical_altar_lost_god, minivault_4
D:3:      layout_rooms, mainiacjoe_overflow_catwalk, palyth_stone_intersect,
          minivault_11
D:4:      layout_basic, lemuel_crystal_altar, biasface_ghost_orc_armoury,
          gup_sewer_entry_bubbles, corexii_leaking_fountain, st_stairs_13,
          uniq_duvessa, uniq_menkaure
D:5:      layout_basic, mainiacjoe_overflow_brackets,
          minmay_temple_entry_arrows, grunt_decor_one_mirror,
          uniq_prince_ribbit1

Skill      XL: |  1  2  3  4  5  6  7 |
---------------+----------------------+-----
Maces & Flails | 4 5 6 7 8 |  8.2
Fighting       | |  4.0
Dodging        | |  2.1

Action                     |  1- 3 |  4- 6 |  7- 9 || total
---------------------------+-------+-------+-------++-------
  Melee: Mace              |    46 |   116 |    15 ||   177
         Headbutt          |     9 |    15 |     1 ||    25
         Punch             |       |     1 |       ||     1
  Throw: Javelin           |     1 |       |       ||     1
    Use: Scroll            |       |     6 |       ||     6
         Potion            |       |     3 |     2 ||     5
   Stab: Paralysed         |       |     1 |       ||     1
 Armour: Robe              |    27 |    77 |    12 ||   116
         Skin              |       |    25 |     3 ||    28
  Dodge: Dodged            |    24 |    49 |     6 ||    79
